 Dungeon Crawl Stone Soup version bcrawl-1.14 (webtiles) character file.

Game seed: 11181413878422533137

33044 MordorOrchid the Thaumaturge (level 13, -11/88 HPs)
             Began as a Fairy Summoner on Sept 5, 2019.
             Was a High Priest of Vehumet.
             Killed by the air
             ... invoked by a wind drake
              (19 damage)
             ... on level 6 of the Lair of Beasts on Sept 7, 2019.
             The game lasted 01:48:36 (11645 turns).

MordorOrchid the Thaumaturge (Fairy Summoner)      Turns: 11645, Time: 01:48:36

Health: -11/88     AC: 13    Str:  6    XL:     13   Next: 68%
Magic:  19/31      EV: 25    Int: 24    God:    Vehumet [*****.]
Gold:   1146       SH:  7    Dex: 16    Spells: 10/37 levels left

rFire    + . .     SeeInvis .   j - +3 shortbow
rCold    . . .     Gourm    +   (shield currently unavailable)
rNeg     . . .     Faith    .   (armour unavailable)
rPois    .         Spirit   .   N - +2 hat
rElec    .         Reflect  .   w - +2 cloak {MR+}
rCorr    .         Harm     .   T - +0 pair of gloves
MR       ++...                  (no boots)
Stlth    +.........             W - amulet of the gourmand
HPRegen  0.24/turn              E - +3 ring of dexterity
MPRegen  0.22/turn              h - ring of protection from fire

@: flying evasively
A: small, magic attunement, unstealthy, unfitting armour, able to fly, AC/SH +7
a: Stop Flying, Renounce Religion


You were on level 6 of the Lair of Beasts.
You worshipped Vehumet.
Vehumet was extremely pleased with you.
You were very full.

You visited 3 branches of the dungeon, and saw 15 of its levels.

You collected 1146 gold pieces.

Inventory:

Hand Weapons
 a - the +8 war axe of Socvaf {drain, Dex+4}
   (You found it on level 3 of the Lair of Beasts)

   A truly terrible weapon, it drains the life of those it strikes.
   It affects your dexterity (+4).
 j - a +3 shortbow (weapon)
 v - a +3 quarterstaff of chaos
 y - a +2 dagger of venom
 z - a +2 morningstar of holy wrath
 B - a +1 hand axe of flaming
 O - a +2 blowgun
Missiles
 A - 57 needles of confusion
 F - 289 bolts
 G - 1382 stones
 I - 114 poisoned needles
 K - 1139 arrows (quivered)
 U - 63 poisoned tomahawks
Armour
 n - a scarf of repulsion
 w - a +2 cloak of magic resistance (worn)
 N - a +2 hat (worn)
 T - a +0 pair of gloves (worn)
 V - a +0 buckler
Magical Staves
 Z - an uncursed staff of poison
Jewellery
 h - a ring of protection from fire (right hand)
 r - an uncursed ring of see invisible
 E - a +3 ring of dexterity (left hand)
 W - an amulet of the gourmand (around neck)
Wands
 f - a wand of acid (1)
 s - a wand of flame (1)
 u - a wand of paralysis (19)
 D - a wand of random effects (8)
 J - a wand of iceblast (12)
Scrolls
 c - 3 scrolls of enchant armour
 g - 3 scrolls of magic mapping
 i - 2 scrolls of fog
 l - 8 scrolls of teleportation
 x - a scroll of silence
 C - 3 scrolls of remove curse
 H - 4 scrolls of immolation
 P - 2 scrolls of enchant weapon
 Q - a scroll of fear
 R - 2 scrolls of blinking
 X - 5 scrolls of identify
 Y - a scroll of summoning
Potions
 d - 2 potions of magic
 e - a potion of brilliance
 k - 2 potions of cancellation
 m - 10 potions of curing
 o - 4 potions of agility
 q - 2 potions of invisibility
 t - 2 potions of ambrosia
 M - 2 potions of heal wounds
 S - a potion of mutation
Miscellaneous
 p - a box of beasts
Comestibles
 b - 24 rations {!d}


   Skills:
 - Level 8.0 Fighting
 - Level 2.0 Short Blades
 - Level 6.0 Axes
 * Level 3.6 Throwing
 * Level 10.7 Dodging
 - Level 1.5 Stealth
 - Level 12.6 Spellcasting
 * Level 7.1 Conjurations
 - Level 2.0 Charms
 - Level 10.0 Summonings
 * Level 2.8 Necromancy
 - Level 3.0 Translocations
 * Level 4.2 Fire Magic
 - Level 3.0 Ice Magic
 - Level 5.1 Air Magic
 - Level 7.2 Evocations


You had 10 spell levels left.
You knew the following spells:

 Your Spells              Type           Power        Failure   Level  Hunger
b - Call Imp              Summ           ######..     1%          2    None
c - Call Canine Familiar  Summ           ######..     1%          3    None
d - Summon Ice Beast      Ice/Summ       #####...     2%          4    None
f - Fireball              Conj/Fire      #####.....   3%          5    None
i - Iskenderun's Mystic   Conj           #####...     1%          3    None
j - Summon Lightning Spi  Summ/Air       ######..     4%          5    None
k - Regeneration          Chrm/Necr      ####......   4%          3    None
u - Animate Skeleton      Necr           N/A          1%          1    None
z - Apportation           Tloc           ####..       1%          1    None

Your spell library contained the following spells:

 Spells                   Type           Power        Failure   Level  Hunger
 Bolt of Magma            Conj/Fire/Erth ####......   7%          5    None
 Infusion                 Chrm           ###.....     1%          1    None
 Pain                     Necr           ####         1%          1    None
 Sandblast                Erth           ###...       1%          1    None
 Summon Butterflies       Summ           ######..     1%          1    None
 Summon Small Mammal      Summ           ####         1%          1    None
 Vampiric Draining        Necr           ####......   3%          3    None
 Slow                     Hex            ###.....     4%          1    None
 Bolt of Draining         Conj/Necr      #####.....   4%          5    None
 Animate Dead             Necr           N/A          13%         4    None


Dungeon Overview and Level Annotations

Branches:
Dungeon (8/12)             Temple (1/1) D:5            Lair (6/6) D:8
  Swamp (0/3) Lair:3        Snake (0/3) Lair:2        Slime (0/5) Lair:6
    Orc (0/1) D:8

Altars:
Ashenzari
Cheibriados
Dithmenos
Elyvilon
Gozag
Hepliaklqana
Kikubaaqudgha
Lugonu
Makhleb
Nemelex Xobeh
Okawaru
Trog
Uskayaw
Vehumet
Xom
Yredelemnul
The Shining One

Shops:
D:4 :   D:6 *:

Annotations:
Lair:3 1 runed door, exclusion: oklob plant


Innate Abilities, Weirdness & Mutations

Your spells do not cause hunger and MP costs are reduced by 1.
Your bright wings attract enemies. (Stealth-)
You cannot fit into any form of body armour.
Your shimmering scales are hard and can block incoming attacks. (AC +7, SH +7)
You are small and have problems with some larger weapons.
You can fly continuously.


Message History

The wind drake flaps its wings at you.
The air twists around and violently strikes you in flight!
You swing at nothing.
You swing at nothing.
The wind drake exhales a fierce blast of wind!
You are blown backwards!
You swing at nothing.
The wind drake exhales a fierce blast of wind!
You swing at nothing.
The wind drake flaps its wings at you.
The air twists around and violently strikes you in flight!
* * * LOW HITPOINT WARNING * * *
You swing at nothing.
The wind drake flaps its wings at you.
The air twists around and violently strikes you in flight!
* * * LOW HITPOINT WARNING * * *
You swing at nothing.
The wind drake flaps its wings at you.
The air twists around and violently strikes you in flight!
You die...

#................P.............
##........##....P.......#.#....
#.....##.#....................
#.....#.##....................
#...................#.......#.
##......................>.(...
#..#.#..#.PP...k....#.......#.
#P..###.#####.†...............
##..###...##.@................
#P..##...####..###.....#.#....
##..##....#.....#P............
#..####.......................
##.##..#.#.....##.......P.....
##.#########...#.#....#.......
#...#### ###....###...##......
#....P.###.#....##P..P##...)..
##.............P###...#.#.....


You could see a wind drake.

Vanquished Creatures
  2 death yaks (Lair:4)
  Urug (Lair:2)
  9 elephants (Lair:4)
  A black mamba (Lair:5)
  4 cane toads
  A rime drake (Lair:6)
  4 komodo dragons
  A troll (D:8)
  2 polar bears (Lair:6)
  2 hippogriffs
  4 wyverns
  A human (Lair:4)
  A hog (Lair:3)
  5 yaks
  A vampire mosquito (Lair:6)
  2 insubstantial wisps (Lair:6)
  3 porcupines
  3 water moccasins
  A sky beast (D:4)
  A phantom (D:5)
  3 bullfrogs
  6 crocodiles
  Dowan (D:4)
  2 killer bees (D:6)
  6 electric eels
  A vampire bat (Lair:6)
  A howler monkey (D:6)
  A crimson imp (D:4)
  2 centaur skeletons
  3 hounds
  3 jellies (Lair:6)
  An orc priest (D:5)
  2 orc wizards
  An iguana (D:6)
  A worker ant (D:4)
  A howler monkey skeleton (D:4)
  2 adders
  4 gnolls
  5 orcs
  6 bats (Lair:6)
  2 jackals (D:3)
  2 quokkas (D:3)
  A ball python (D:5)
  A frilled lizard (D:3)
  6 kobolds (D:6)
  A rat (D:1)
  4 fungi (Lair:6)
  2 plants (Lair:6)
120 creatures vanquished.

Vanquished Creatures (collateral kills)
  Gastronok (Lair:2)
  Kirke (Lair:4)
  Nessos (Lair:4)
  A dire elephant (Lair:6)
  6 hydras
  The ghost of Theblade12 the Cruncher, a journeyman DsGl of Gozag (Lair:3)
  An anaconda (Lair:5)
  2 catoblepae (Lair:6)
  A merfolk avatar (Lair:6)
  A centaur warrior (D:8)
  A death yak (Lair:4)
  A sea snake (Lair:6)
  A harpy (Lair:6)
  4 oklob plants (Lair:2)
  A manticore (Lair:6)
  7 elephants
  5 black mambas
  7 cane toads
  4 rime drakes
  4 komodo dragons
  2 trolls
  A hornet (Lair:6)
  A polar bear (Lair:6)
  5 slime creatures (D:7)
  13 blink frogs
  5 hippogriffs
  Sigmund (D:2)
  3 wyverns
  Eustachio (D:6)
  A basilisk (Lair:3)
  5 hogs
  12 yaks
  2 hungry ghosts (D:7)
  4 wargs (D:8)
  An insubstantial wisp (Lair:6)
  A floating eye (Lair:2)
  10 water moccasins
  6 porcupines
  Duvessa (D:4)
  A swamp drake (D:8)
  2 sky beasts (D:8)
  A black bear (D:4)
  6 ogres
  3 wolves (Lair:2)
  2 centaurs (D:6)
  10 crocodiles
  7 bullfrogs
  A big kobold (D:6)
  A water moccasin skeleton (D:8)
  4 killer bees (D:6)
  A vampire bat (Lair:6)
  A howler monkey (D:6)
  An electric eel (Lair:3)
  2 crimson imps (D:4)
  3 hounds
  4 jellies
  9 orc wizards
  5 orc priests
  2 centaur skeletons
  4 gnoll shamans
  Crazy Yiuf (D:2)
  3 iguanas
  3 worker ants
  A hound zombie (D:5)
  A hound skeleton (D:4)
  11 adders
  41 gnolls
  2 shadow imps
  3 oozes
  2 adder skeletons
  3 worms
  2 dart slugs
  5 leopard geckos
  27 orcs
  5 bats
  2 giant cockroaches
  2 goblins
  3 hobgoblins
  17 jackals
  3 quokkas
  2 ball pythons (Lair:2)
  3 frilled lizards
  8 kobolds
  4 rats (D:1)
  5 fungi
  6 plants
361 creatures vanquished.

Vanquished Creatures (others)
  2 yaks (Lair:6)
  2 insubstantial wisps (Lair:6)
  7 fungi
  15 plants
26 creatures vanquished.

Grand Total: 507 creatures vanquished

Notes
Turn   | Place    | Note
-------+----------+-------------------------------------------
     0 | D:1      | MordorOrchid the Fairy Summoner began the quest for the
                  | Orb.
     0 | D:1      | Reached XP level 1. HP: 11/11 MP: 6/6
   136 | D:1      | Reached skill level 1 in Fighting
   136 | D:1      | Reached XP level 2. HP: 18/18 MP: 7/7
   142 | D:1      | Learned a level 2 spell: Call Imp
   744 | D:2      | Reached XP level 3. HP: 20/23 MP: 3/9
   749 | D:2      | Learned a level 3 spell: Call Canine Familiar
   762 | D:2      | Noticed Sigmund
   775 | D:2      | Killed Sigmund
   775 | D:2      | Reached skill level 1 in Short Blades
   775 | D:2      | Reached skill level 3 in Spellcasting
   775 | D:2      | Reached XP level 4. HP: 28/29 MP: 1/11
   903 | D:2      | Reached XP level 5. HP: 34/34 MP: 8/12
  1025 | D:2      | Found a runed door.
  1029 | D:2      | Noticed Crazy Yiuf
  1061 | D:2      | Killed Crazy Yiuf
  1082 | D:2      | Learned a level 4 spell: Summon Ice Beast
  1238 | D:3      | Reached skill level 4 in Spellcasting
  1431 | D:3      | Found a shadowy altar of Dithmenos.
  1541 | D:3      | Reached XP level 6. HP: 22/39 MP: 12/14
  1884 | D:3      | Reached skill level 1 in Ice Magic
  1923 | D:3      | Reached skill level 5 in Summonings
  2119 | D:3      | Reached XP level 7. HP: 45/45 MP: 16/16
  2296 | D:3      | Learned a level 5 spell: Summon Lightning Spire
  2330 | D:3      | Reached skill level 5 in Spellcasting
  2595 | D:4      | Noticed Duvessa
  2596 | D:4      | Noticed Dowan
  2608 | D:4      | Killed Dowan
  2608 | D:4      | Reached skill level 1 in Air Magic
  2608 | D:4      | Reached skill level 1 in Evocations
  2609 | D:4      | Killed Duvessa
  2609 | D:4      | Reached skill level 5 in Dodging
  2803 | D:4      | Reached XP level 8. HP: 52/52 MP: 18/18
  3054 | D:4      | Reached skill level 6 in Spellcasting
  3079 | D:4      | Found Honot's Book Boutique.
  3211 | D:5      | Entered Level 5 of the Dungeon
  3219 | D:5      | Found an iron altar of Okawaru.
  3282 | D:5      | Found a staircase to the Ecumenical Temple.
  3289 | Temple   | Entered the Ecumenical Temple
  4000 | D:5      | Found a glowing golden altar of the Shining One.
  4173 | D:6      | Noticed a hippogriff
  4182 | D:6      | Killed a hippogriff
  4184 | D:6      | Reached XP level 9. HP: 56/58 MP: 16/21
  4188 | D:6      | Found Veown's Book Shoppe.
  4217 | D:6      | Reached skill level 7 in Spellcasting
  4342 | D:6      | Found Gozag's Platinum Reserve.
  4344 | D:6      | Found an opulent altar of Gozag.
  4501 | D:6      | Noticed a troll
  4511 | D:6      | Killed a troll
  4637 | D:6      | Noticed Eustachio
  4645 | D:6      | Killed Eustachio
  4660 | D:6      | Found a hazy altar of Hepliaklqana.
  4883 | D:7      | Reached skill level 8 in Spellcasting
  4977 | D:7      | Found a radiant altar of Vehumet.
  5031 | D:7      | Became a worshipper of Vehumet
  5208 | D:7      | Reached XP level 10. HP: 65/65 MP: 20/24
  5329 | D:7      | Learned a level 1 spell: Apportation
  5498 | D:8      | Reached * piety under Vehumet
  5498 | D:8      | Offered knowledge of Shock by Vehumet.
  5517 | D:8      | Found a staircase to the Orcish Mines.
  5574 | D:8      | Reached skill level 1 in Translocations
  5586 | D:8      | Noticed a centaur warrior
  5596 | D:8      | Killed a centaur warrior
  5596 | D:8      | Reached skill level 5 in Fighting
  5596 | D:8      | Reached skill level 9 in Spellcasting
  5596 | D:8      | Reached skill level 5 in Air Magic
  5927 | D:8      | Found a basalt altar of Yredelemnul.
  6161 | D:8      | Found a staircase to the Lair.
  6186 | Lair:1   | Entered Level 1 of the Lair of Beasts
  6198 | Lair:1   | Reached skill level 5 in Evocations
  6324 | Lair:1   | Noticed a black mamba
  6334 | Lair:1   | Killed a black mamba
  6482 | Lair:1   | Noticed a cane toad
  6495 | Lair:1   | Killed a cane toad
  6826 | Lair:1   | Reached skill level 10 in Spellcasting
  6826 | Lair:1   | Reached XP level 11. HP: 72/72 MP: 16/27
  7021 | Lair:2   | Noticed a four-headed hydra
  7035 | Lair:1   | Killed a four-headed hydra
  7054 | Lair:2   | Offered knowledge of Magic Dart by Vehumet.
  7057 | Lair:2   | Reached ** piety under Vehumet
  7183 | Lair:2   | Found a staircase to the Snake Pit.
  7250 | Lair:2   | Noticed an eight-headed hydra
  7258 | Lair:2   | Killed an eight-headed hydra
  7294 | Lair:2   | Reached skill level 10 in Summonings
  7519 | Lair:2   | Noticed an oklob plant
  7569 | Lair:2   | Noticed Urug
  7589 | Lair:2   | Killed Urug
  7646 | Lair:2   | Reached skill level 11 in Spellcasting
  7671 | Lair:2   | Noticed an oklob plant
  7677 | Lair:2   | Offered knowledge of Throw Frost by Vehumet.
  7947 | Lair:2   | Noticed Gastronok
  7969 | Lair:2   | Killed Gastronok
  8206 | Lair:2   | Killed an oklob plant
  8215 | Lair:2   | Noticed an oklob plant
  8215 | Lair:2   | Noticed an oklob plant
  8229 | Lair:2   | Killed an oklob plant
  8245 | Lair:2   | Killed an oklob plant
  8259 | Lair:2   | Killed an oklob plant
  8309 | Lair:3   | Reached *** piety under Vehumet
  8309 | Lair:3   | Reached skill level 12 in Spellcasting
  8316 | Lair:3   | Reached XP level 12. HP: 72/80 MP: 9/30
  8346 | Lair:3   | Found a runed door.
  8422 | Lair:3   | Noticed a six-headed hydra
  8430 | Lair:3   | Killed a six-headed hydra
  8597 | Lair:3   | Found a runed translucent gate.
  8597 | Lair:3   | Found a runed translucent gate.
  8597 | Lair:3   | Found a runed translucent gate.
  8610 | Lair:3   | Noticed a 12-headed hydra
  8610 | Lair:3   | Noticed Theblade12's ghost (journeyman DsGl)
  8683 | Lair:3   | Reached skill level 10 in Dodging
  8705 | Lair:3   | Found a staircase to the Swamp.
  8706 | Lair:3   | Offered knowledge of Iskenderun's Mystic Blast by Vehumet.
  9124 | Lair:3   | Learned a level 3 spell: Iskenderun's Mystic Blast
  9155 | Lair:3   | Killed a 12-headed hydra
  9158 | Lair:3   | Killed Theblade12's ghost
  9170 | Lair:3   | Got a fine war axe
  9179 | Lair:3   | Identified the +8 war axe of Socvaf {drain, Dex+4} (You
                  | found it on level 3 of the Lair of Beasts)
  9200 | Lair:4   | Noticed Kirke
  9200 | Lair:4   | Noticed an eight-headed hydra
  9384 | Lair:4   | Killed a nine-headed hydra
  9384 | Lair:4   | Reached skill level 1 in Axes
  9417 | Lair:4   | Reached **** piety under Vehumet
  9521 | Lair:4   | Reached skill level 5 in Conjurations
  9522 | Lair:4   | Noticed a death yak
  9525 | Lair:4   | Offered knowledge of Fireball by Vehumet.
  9529 | Lair:4   | Noticed a death yak
  9533 | Lair:4   | Noticed a death yak
  9553 | Lair:4   | Killed a death yak
  9553 | Lair:4   | Reached skill level 1 in Throwing
  9555 | Lair:4   | Killed a death yak
  9560 | Lair:4   | Killed a death yak
  9567 | Lair:4   | Learned a level 5 spell: Fireball
  9680 | Lair:4   | Killed Kirke
  9680 | Lair:4   | Reached skill level 1 in Fire Magic
  9819 | Lair:4   | Reached XP level 13. HP: 87/88 MP: 31/31
  9959 | Lair:4   | Noticed Nessos
  9993 | Lair:4   | Killed Nessos
  9993 | Lair:4   | Reached skill level 5 in Axes
 10065 | Lair:4   | HP: 4/88 [poisoned by a black mamba]
 10507 | Lair:5   | Reached ***** piety under Vehumet
 10660 | Lair:5   | Learned a level 1 spell: Animate Skeleton
 10664 | Lair:5   | Learned a level 3 spell: Regeneration
 10703 | Lair:6   | Entered Level 6 of the Lair of Beasts
 10744 | Lair:6   | Offered knowledge of Bolt of Magma by Vehumet.
 10905 | Lair:6   | Reached skill level 1 in Charms
 10905 | Lair:6   | Reached skill level 1 in Necromancy
 11486 | Lair:6   | Found a staircase to the Slime Pits.
 11565 | Lair:6   | Noticed a dire elephant
 11599 | Lair:6   | Killed a dire elephant
 11645 | Lair:6   | Killed from afar by a wind drake

Skill      XL: |  1  2  3  4  5  6  7  8  9 10 11 12 13 |
---------------+----------------------------------------+-----
Fighting       | 1 2 3 4 5 6 7 8 |  8.0
Dodging        | 3 4 5 6 7 8 9 10 | 10.7
Short Blades   | 1 2 |  2.0
Spellcasting   | 3 4 5 6 8 10 12 | 12.6
Ice Magic      | 1 2 3 |  3.0
Summonings     | 5 6 8 9 10 | 10.0
Air Magic      | 1 3 4 5 |  5.1
Evocations     | 1 2 4 5 6 7 |  7.2
Translocations | 2 3 |  3.0
Conjurations   | 5 7 |  7.1
Axes           | 4 6 |  6.0
Throwing       | 1 3 |  3.6
Fire Magic     | 1 4 |  4.2
Charms         | 2 |  2.0
Necromancy     | 2 |  2.8
Stealth        | |  1.5

Action                   |  1- 3 |  4- 6 |  7- 9 | 10-12 | 13-15 || total
-------------------------+-------+-------+-------+-------+-------++-------
Melee: Dagger            |    29 |    58 |       |    25 |       ||   112
       Spear             |       |     4 |   258 |    58 |       ||   320
       Morningstar       |       |       |     8 |     1 |       ||     9
       Shortbow          |       |       |       |     3 |       ||     3
       War axe           |       |       |       |    66 |   188 ||   254
 Fire: Shortbow          |       |       |       |     2 |       ||     2
 Cast: Summon Small Mamm |    14 |     3 |       |       |       ||    17
       Call Imp          |    28 |    49 |    73 |    30 |       ||   180
       Call Canine Famil |     2 |    28 |    27 |    29 |     8 ||    94
       Summon Ice Beast  |       |       |    40 |   165 |    69 ||   274
       Summon Lightning  |       |       |       |    33 |    14 ||    47
       Iskenderun's Myst |       |       |       |     1 |       ||     1
       Regeneration      |       |       |       |       |    14 ||    14
       Fireball          |       |       |       |       |     2 ||     2
Evoke: Wand              |       |       |       |    28 |     3 ||    31
  Use: Scroll            |     4 |     5 |     5 |    14 |     2 ||    30
       Potion            |       |       |     1 |     2 |     2 ||     5
 Stab: Distracted        |       |     1 |     5 |    10 |     2 ||    18
       Invisible         |       |       |       |    19 |       ||    19
       Petrified         |       |       |       |       |     5 ||     5
  Eat: Chunk             |       |     4 |    11 |    45 |     8 ||    68
Armor: Skin              |     3 |    15 |    30 |    28 |    25 ||   101
Dodge: Dodged            |    39 |    72 |   111 |   265 |   187 ||   674
Block: Other             |     5 |    26 |    43 |    93 |    69 ||   236
